 Dungeon Crawl Stone Soup version 0.30-a0-1075-gcd70e7a56d (webtiles) character file.

Game seed: 1548788538218260504

56 gelatine the Trooper (level 3, -3/29 HPs)
             Began as a Demonspawn Fighter on Apr 15, 2023.
             Slain by Grinder (9 damage)
             ... while paralysed by Grinder
             ... on level 3 of the Dungeon.
             The game lasted 00:03:50 (1258 turns).

gelatine the Trooper (Demonspawn Fighter)           Turns: 1258, Time: 00:03:52

Health: -3/29      AC:  3    Str: 18    XL:     3   Next: 69%
Magic:  3/3        EV:  2    Int:  9    God:
Gold:   81         SH:  0    Dex: 12    Spells: 3/3 levels left

rFire   + . .      SeeInvis .    a - +0 war axe
rCold   + . .      Faith    .    c - +0 buckler
rNeg    . . .      Spirit   .    l - +0 leather armour
rPois   +          Reflect  .    r - +0 hat
rElec   .          Rampage  .    g - scarf {rC+ rF+}
rCorr   .                        (no gloves)
Will    .....                    (no boots)
Stlth   +                        (no amulet)
HPRegen 0.24/turn                n - ring of poison resistance
MPRegen 0.08/turn                (no ring)

@: paralysed, mighty
A: hooves 1, powered by death 1
a: no special abilities


You were on level 3 of the Dungeon.
You visited 1 branch of the dungeon, and saw 3 of its levels.

You collected 81 gold pieces.

Inventory:

Hand Weapons
 a - a +0 war axe (weapon)
Armour
 b - a +0 scale mail
 c - a +0 buckler (worn)
 g - a scarf of resistance (worn)
 k - a +0 ring mail
 l - a +0 leather armour (worn)
 r - a +0 hat (worn)
Jewellery
 n - a ring of poison resistance (left hand)
Scrolls
 j - a scroll of enchant armour {unknown}
 m - 2 scrolls of fog {unknown}
 q - a scroll of magic mapping {unknown}
 t - a scroll of acquirement {unknown}
 u - a scroll of blinking {unknown}
 v - a scroll of identify {unknown}
 w - a scroll of teleportation {unknown}
Potions
 f - a potion of attraction {unknown}
 h - a potion of lignification {unknown}
 o - a potion of curing {unknown}
 p - a potion of degeneration {unknown}


   Skills:
 * Level 3.3 Fighting
 * Level 2.2 Axes
 * Level 3.0 Armour
 * Level 0.3 Dodging
 * Level 0.5 Stealth
 * Level 3.2 Shields
 * Level 0.5 Spellcasting


You had 3 spell levels left.
You didn't know any spells.
Your spell library contained the following spells:

 Spells                   Type           Power      Damage    Failure   Level
 Dazzling Flash           Conj/Hex       0%         N/A       88%         3
 Agony                    Necr           0%         N/A       100%        5
 Silence                  Hex/Air        0%         N/A       100%        5


Dungeon Overview and Level Annotations

Branches:
Dungeon (3/15)

Altars:

Annotations:
D:3 Grinder


Innate Abilities, Weirdness & Mutations

You have large cloven feet.
You regenerate a little health from kills.


Message History

An adder comes into view.
A goblin comes into view. It is wielding a +0 club.
You block the adder's attack.
The goblin shouts!
You block the bat's attack.
A dart slug comes into view.
The bat attacks as you move away! You block the bat's attack.
A giant cockroach comes into view.
The bat hits you but does no damage.
A rat comes into view.
Unknown command.
You flicker back into view.
The goblin shouts!
The bat hits you but does no damage. The adder barely misses you.
Grinder says, "FISH!"
The adder bites you but does no damage.
The giant cockroach waves its antennae.
Grinder misses you. The adder bites you but does no damage.
The bat barely misses you.
A giant cockroach comes into view.
Grinder gestures at you. You resist with significant effort.
The goblin barely misses you. The bat closely misses you. The bat misses you.
As you read the scroll labelled NINUNE WIFAU, it crumbles to dust.
The creatures around you are filled with an inner flame!
It was a scroll of immolation.
The bat hits you but does no damage. The giant cockroach barely misses you.
The bat hits you but does no damage. The adder bites you.
Grinder gestures at you.
You suddenly lose the ability to move!
The giant cockroach bites you but does no damage.
The adder hisses angrily.
The adder bites you.
* * * LOW HITPOINT WARNING * * *
The giant cockroach bites you but does no damage.
The rat bites you.
* * * LOW HITPOINT WARNING * * *
Grinder hits you!
You die...

+....†.......#
###............#
#.........##+##
........#....#
........###..###
...(....<###...#
.#########
#.#.##+## .
#.......#
#.)..@r.###
#..bSB5...+ .
######...g...##..
......'......B....
..S...#...........
......#.......>...
..... #......w#...
..... #.......##..
.... #######.....


You could see Grinder (inner flame), an adder (inner flame), a dart slug (inner
flame), 2 giant cockroaches, a goblin (inner flame), a bat (inner flame) and a
rat (inner flame).

Vanquished Creatures
  An adder (D:2)
  A gnoll (D:1)
  2 dart slugs (D:1)
  2 ball pythons (D:1)
  4 endoplasms
  3 goblins (D:1)
  5 hobgoblins
  4 kobolds (D:2)
  A quokka (D:2)
  4 bats (D:2)
  5 rats
32 creatures vanquished.

Vanquished Creatures (others)
  2 plants (D:2)
2 creatures vanquished.

Grand Total: 34 creatures vanquished

Notes
Turn   | Place    | Note
-------+----------+-------------------------------------------
     0 | D:1      | gelatine the Demonspawn Fighter began the quest for the
                  | Orb.
     0 | D:1      | Reached XP level 1. HP: 18/18 MP: 1/1
   177 | D:1      | Gained mutation: You have large cloven feet. [demonic
                  | ancestry]
   177 | D:1      | Reached XP level 2. HP: 8/24 MP: 2/2
   554 | D:2      | Gained mutation: You regenerate a little health from kills.
                  | [demonic ancestry]
   554 | D:2      | Reached XP level 3. HP: 26/29 MP: 3/3
  1213 | D:3      | Noticed Grinder
  1257 | D:3      | Paralysed by Grinder for 3 turns
  1258 | D:3      | Slain by Grinder

Illustrated notes

Levels and vault maps discovered:
D:1:      minmay_arrival_four_houses, layout_rooms, minivault_26,
          nicolae_concentric_dashed_squares_wild
D:2:      layout_basic, serial_corexii_hall, chequers_hall_statues_wall_a,
          corexii_hall_statues_l, serial_bayou_pond_c
D:3:      layout_basic, uniq_grinder

Skill      XL: |  1  2  3 |
---------------+----------+-----
Shields        | 3 |  3.2
Axes           | 2 |  2.2
Armour         | 3 |  3.0
Fighting       | |  3.3
Dodging        | |  0.3
Stealth        | |  0.5
Spellcasting   | |  0.5

Action                     || total
---------------------------++-------
  Melee: War axe           ||    67
         Kick              ||     9
  Throw: Throwing net      ||     2
    Use: Potion            ||     2
         Scroll            ||     1
 Armour: Scale mail        ||    10
         Leather armour    ||    21
         Ring mail         ||     2
  Dodge: Dodged            ||    34
  Block: Buckler           ||    18

Table legend: (Time is in decaauts)
 A = Elapsed time spent in this place.
 B = Non-inter-level travel time spent in this place.
 C = Inter-level travel time spent in this place.
 D = Time resting spent in this place.
 E = Time spent auto-exploring this place.
 F = Levels seen in this place.
 G = Mean time per level.
                   A        B        C        D        E       F      G
               +--------+--------+--------+--------+--------+-----+--------+
         Total |   1286 |   1234 |     52 |      0 |    883 |   3 |  428.7 |
       Dungeon |   1286 |   1234 |     52 |      0 |    883 |   3 |  428.7 |
               +--------+--------+--------+--------+--------+-----+--------+

Top non-repeatable levels by time:
     D:2: 718 daAuts
     D:1: 518 daAuts
     D:3: 49 daAuts
